 Dungeon Crawl Stone Soup version 0.29-a0-352-g0917bc69df (webtiles) character file.

Game seed: 9041138996813036819

110052 Shayle the Fighter (level 16, -12/106 HPs)
             Began as a Tengu Brigand on Apr 24, 2022.
             Was a Believer of Ashenzari.
             Shot with an arrow by a naga sharpshooter (17 damage)
             ... led by Vashnia
             ... on level 3 of the Snake Pit on Apr 25, 2022.
             The game lasted 02:47:58 (33916 turns).

Shayle the Fighter (Tengu Brigand)                 Turns: 33916, Time: 02:47:59

Health: -12/106    AC: 12    Str:  9    XL:     16   Next: 54%
Magic:  6/32       EV: 19    Int: 22    God:    Ashenzari [**....]
Gold:   980        SH: 12    Dex: 18    Spells: 4/37 levels left

rFire   + + .      SeeInvis +   w - +4 war axe (flame)
rCold   x . .      Faith    .   e - +1 buckler
rNeg    . . .      Spirit   .   x - +3 leather armour {rF+}
rPois   +          Reflect  +   (helmet restricted)
rElec   +          Harm     .   c - +2 cloak "Urgency of the Cosmos" {Comp, Fort} (curse)
rCorr   .          Rampage  .   V - +2 pair of gloves "Portent of Ashenzari" {Evo, Self} (curse)
Will    .....                   (boots unavailable)
Stlth   ++++......              O - amulet of reflection
HPRegen 0.27/turn               r - ring "Peixtas" {Fire rElec Int+2}
MPRegen 0.23/turn               y - ring "Share My Seer" {Wiz rPois Str-2 Int+2, Elem, Bglg} (curse)

@: death channelling, weak-willed, flying quickly and evasively, invisible,
quick
A: beak, talons 3, nimble flight
a: Renounce Religion, Curse Item, Shatter the Chains


You were on level 3 of the Snake Pit.
You worshipped Ashenzari.
Ashenzari was pleased with you.
You visited 6 branches of the dungeon, and saw 26 of its levels.
You also visited: Sewer.

You collected 3076 gold pieces.
You spent 2096 gold pieces at shops.

Inventory:

Hand Weapons
 k - a +4 dagger
 w - a +4 war axe of flaming (weapon)
 G - a +0 scimitar of holy wrath
Missiles
 d - 34 poisoned darts
 D - 3 silver boomerangs (quivered)
 E - 5 curare-tipped darts
 I - a throwing net
Armour
 c - the cursed +2 cloak "Urgency of the Cosmos" (worn) {Comp, Fort}

   It has a curse which improves the following skills: Companions: Summonings
   and Necromancy.
   Fortitude: Armour and Shields.
 e - a +1 buckler (worn)
 n - +1 swamp dragon scales
 s - a +2 tower shield of fire resistance
 x - a +3 leather armour of fire resistance (worn)
 V - the cursed +2 pair of gloves "Portent of Ashenzari" (worn) {Evo, Self}
   (You found it on level 4 of the Lair of Beasts)

   It has a curse which improves the following skills: Evocations: Evocations.
   Introspection: Fighting and Spellcasting.
Jewellery
 j - a +6 ring of intelligence
 r - the ring "Peixtas" (left hand) {Fire rElec Int+2}
   (You took it off a naga warrior on level 1 of the Snake Pit)

   [ring of fire]

   It enhances your fire magic.
   Int:       It affects your intelligence (+2).
   rF:        It protects you from fire.
   rC:        It makes you vulnerable to cold.
   rElec:     It insulates you from electricity.
 t - a +4 ring of evasion
 y - the cursed ring "Share My Seer" (right hand) {Wiz rPois Str-2 Int+2, Elem, Bglg}
   (You acquired it on level 9 of the Dungeon)

   [ring of wizardry]

   It improves your spell success rate.
   Str:       It affects your strength (-2).
   Int:       It affects your intelligence (+2).
   rPois:     It protects you from poison.
   It has a curse which improves the following skills: Elements: Fire Magic, Ice
   Magic, Air Magic and Earth Magic.
   Beguiling: Conjurations, Hexes and Translocations.
 z - a ring of protection from cold
 J - a +6 ring of strength
 O - an amulet of reflection (around neck)
 U - a ring of resist corrosion
Wands
 b - a wand of charming (1)
 v - a wand of flame (63)
 A - a wand of acid (10)
 F - a wand of digging (11)
 S - a wand of paralysis (6)
 T - a wand of iceblast (12)
Scrolls
 a - 2 scrolls of silence
 m - 12 scrolls of teleportation
 o - 5 scrolls of immolation
 B - a scroll of blinking
 C - a scroll of vulnerability
 H - 3 scrolls of fog
 K - 2 scrolls of brand weapon
 L - 5 scrolls of fear
 X - a scroll of magic mapping
Potions
 g - 2 potions of magic
 h - 5 potions of mutation
 i - 3 potions of curing
 p - 6 potions of brilliance
 q - a potion of berserk rage
 u - 3 potions of ambrosia
 M - a potion of might
 N - a potion of cancellation
 Q - 3 potions of resistance
 R - 2 potions of lignification
 W - 2 potions of haste


   Skills:
 - Level 12.9(14.1) Fighting
 - Level 2.1 Short Blades
 - Level 2.0 Throwing
 - Level 8.4 Dodging
 - Level 9.4 Stealth
 + Level 3.5(4.7) Shields
 + Level 4.1 Unarmed Combat
 + Level 10.2(11.4) Spellcasting
 + Level 8.4(9.6) Conjurations
 - Level 4.7(5.9) Hexes
 - Level 11.2(12.4) Necromancy
 + Level 2.5 Transmutations
 + Level 7.0(8.2) Fire Magic
 + Level 5.7(6.9) Ice Magic
 + Level 8.4(9.7) Air Magic
 - Level 7.9(9.2) Earth Magic
 + Level 5.6(6.9) Evocations


You had 4 spell levels left.
You knew the following spells:

 Your Spells              Type           Power      Damage    Failure   Level
a - Wereblood             Tmut           23%        N/A       1%          2
b - Borgnjor's Vile Clut  Necr/Erth      28%        N/A       1%          5
c - Eringya's Noxious Bo  Tmut/Pois      9%         N/A       96%         6
d - Anguish               Hex/Necr       26%        N/A       1%          4
e - Frozen Ramparts       Ice            86%        1d10      1%          3
f - Death Channel         Necr           30%        N/A       3%          6
g - Stone Arrow           Conj/Erth      100%       3d13      1%          3
h - Animate Dead          Necr           30%        N/A       1%          4

Your spell library contained the following spells:

 Spells                   Type           Power      Damage    Failure   Level
 Freeze                   Ice            100%       1d11      1%          1
 Pain                     Necr           100%       1d9       1%          1
 Corpse Rot               Necr/Air       100%       N/A       1%          2
 Ensorcelled Hibernation  Hex/Ice        82%        N/A       1%          2
 Sublimation of Blood     Necr           61%        N/A       1%          2
 Swiftness                Air            53%        N/A       1%          3
 Hailstorm                Conj/Ice       49%        3d11      1%          4
 Leda's Liquefaction      Hex/Erth       23%        N/A       1%          4
 Blink                    Tloc           26%        N/A       5%          2
 Spider Form              Tmut/Pois      18%        N/A       7%          3
 Gell's Gravitas          Tloc           13%        N/A       11%         3
 Lesser Beckoning         Tloc           13%        N/A       11%         3
 Teleport Other           Tloc           13%        N/A       11%         3
 Agony                    Necr           61%        N/A       1%          5
 Excruciating Wounds      Necr           30%        N/A       1%          5
 Alistair's Intoxication  Tmut/Pois      12%        N/A       50%         5
 Manifold Assault         Tloc           13%        N/A       65%         5
 Storm Form               Tmut/Air       19%        N/A       91%         7
 Lehudib's Crystal Spear  Conj/Erth      26%        10d7      99%         8
 Summon Hydra             Summ           6%         N/A       100%        7


Dungeon Overview and Level Annotations

Branches:
Dungeon (13/15)            Temple (1/1) D:4            Lair (6/6) D:11
  Swamp (1/4) Lair:2        Snake (3/4) Lair:2        Slime (0/5) Lair:5
    Orc (2/2) D:9             Elf (0/3) Orc:2        Vaults (0/5) D:13
  Sewer (visited)

Altars:
Ashenzari
Dithmenos
Elyvilon
Fedhas
Gozag
Makhleb
Nemelex Xobeh
Okawaru
Qazlal
Ru
Trog
Uskayaw
Vehumet
Wu Jian
Xom
Yredelemnul
Zin
The Shining One
Jiyva

Shops:
D:10 !   Orc:2 ?==*   Snake:1 :

Annotations:
Lair:2 Gastronok
Lair:6 1 runed translucent door, benadryl's ghost, journeyman TrDe
Snake:3 1 transporter, Vashnia
Orc:2 1 runed translucent door, turdburglar's ghost, journeyman HOFi


Innate Abilities, Weirdness & Mutations

You have a beak for a mouth.
You have claws for feet.
Your magical nature lets you fly swiftly and evasively.


Message History

Casting: Borgnjor's Vile Clutch (dangerous; 1% risk of failure)
Confirm with . or Enter, or press ? or * to list all spells.
Aiming: Borgnjor's Vile Clutch (dangerous; 1% risk of failure)
Press: ? - help, Shift-Dir - straight line, f - naga sharpshooter, p - naga sharpshooter
Aim: a naga sharpshooter, wielding a +0 arbalest (weak-willed, 100% to hit)
Zombie hands grab the naga sharpshooter.
The zombie hands constrict the naga sharpshooter.
Your naga sharpshooter shoots an arrow.
The arrow hits Vashnia!
The naga sharpshooter spits poison at you.
The splash of poison hits you but does no damage.
You resist.
Vashnia casts a spell.
Vashnia magically shoots an arrow.
The arrow closely misses you.
The naga sharpshooter shoots an arrow.
The arrow hits your naga sharpshooter!
You feel better.
The zombie hands constrict the naga sharpshooter.
Your naga sharpshooter spits poison at the naga sharpshooter.
The splash of poison hits Vashnia.
The naga sharpshooter shoots a bolt.
You reflect the bolt off an invisible shield around you!
The bolt hits the naga sharpshooter!!
Vashnia shoots an arrow.
The arrow hits your naga sharpshooter!!!
The naga sharpshooter shoots an arrow.
The arrow hits your naga sharpshooter!!
Your naga sharpshooter dies!
A glowing mist starts to gather...
Vashnia shouts!
Aiming: Iceblast
Press: ? - help, Shift-Dir - straight line, p - naga sharpshooter The mass of ice explodes!
The iceblast engulfs Vashnia!
Vashnia is severely wounded.
The iceblast engulfs the naga sharpshooter!
The naga sharpshooter is lightly wounded.
The zombie hands constrict the naga sharpshooter.
The naga sharpshooter shoots a bolt.
The bolt hits you!!
* * * LOW HITPOINT WARNING * * *
Vashnia drinks a potion.
Vashnia suddenly seems more resistant.
The naga sharpshooter shoots an arrow.
The arrow closely misses you.
The naga sharpshooter casts a spell.
The naga sharpshooter magically shoots an arrow.
The arrow hits you!
You die...

....#*
...##,###......... ,
...## ,#*
...##..#........ ,
#..# ,
,.##..##.##.....##.
*..# * 2#..#..#......#
* * *##..##?#......# *
.. *##....###......#*
*
....##N..Z..........#
......N.............#*
,
.....NN)....@....)..#
,
..?..##.............#
, ....
*#.............#*, , ,
... , #.........#####*
,


NN. , #........##* , ** ,.# ......##..# ,,, , ,..# .......##### ,, , ,...#
.......# , * , #...## , , , * , You could see Vashnia (resistant, weak-willed),
a cacodemon, 3 naga sharpshooters and a friendly spectral naga sharpshooter.

Vanquished Creatures
  Mlioglotl (Snake:1)
  Rupert (D:13)
  Frances (Snake:1)
  A nagaraja (Snake:3)
  Aizul (Snake:1)
  An orc warlord (D:9)
  A bunyip (Lair:2)
  A fire dragon (Lair:6)
  Snorg (Lair:3)
  Josephine (D:12)
  Harold (D:11)
  4 hydras
  A centaur warrior (D:13)
  5 anacondas
  4 boulder beetles
  2 catoblepae
  4 death yaks (Lair:5)
  4 naga warriors
  2 two-headed ogres
  An orc high priest (Orc:2)
  2 shock serpents
  A salamander mystic (Snake:2)
  4 naga sharpshooters
  2 naga ritualists (Snake:2)
  An orange crystal statue (D:10)
  2 lindwurms (Lair:6)
  3 deep elf pyromancers
  4 orc knights
  7 orc sorcerers
  6 mana vipers
  3 cyclopes
  4 manticores
  7 salamanders
  Maurice (Orc:1)
  24 black mambas
  10 elephants
  A guardian serpent (Snake:1)
  Joseph (D:8)
  4 cane toads
  2 gargoyles (D:12)
  5 naga magi
  Maggie (D:6)
  7 komodo dragons
  6 rime drakes
  2 polar bears
  8 trolls
  A hornet (D:10)
  2 tyrant leeches (Lair:2)
  6 slime creatures
  Grinder (D:6)
  12 blink frogs
  6 dream sheep (Lair:5)
  7 wraiths
  A vampire (D:10)
  5 basilisks
  4 wyverns
  16 humans (D:13)
  42 yaks
  Eustachio (D:5)
  A fire elemental (Lair:2)
  2 steam dragons
  9 vampire mosquitoes
  5 wargs
  18 nagas
  Edmund (D:5)
  2 acid dragons
  4 water moccasins
  29 orc warriors
  4 swamp drakes
  A black bear (D:7)
  3 ice beasts
  9 ogres
  22 wolves
  2 centaurs (D:8)
  9 bullfrogs
  3 scorpions
  11 wights
  5 killer bees
  An electric eel (Lair:3)
  6 howler monkeys
  8 hounds
  2 jellies
  4 gnoll shamans
  31 orc priests
  6 iguanas
  34 orc wizards
  4 hell rats (Lair:5)
  16 gnolls
  18 adders
  6 river rats
  2 shadow imps
  A white imp (D:7)
  2 ufetubi
  4 worms
  2 dart slugs
  71 orcs
  12 ball pythons
  6 bats
  9 endoplasms
  5 giant cockroaches
  A goblin (D:4)
  16 hobgoblins
  3 jackals (D:3)
  16 kobolds
  6 quokkas
  6 frilled lizards
  10 rats
708 creatures vanquished.

Vanquished Creatures (collateral kills)
  2 naga warriors (Snake:2)
  2 anacondas (Snake:2)
  3 naga sharpshooters (Snake:2)
  3 naga ritualists
  3 salamanders (Snake:2)
  A mana viper (Snake:2)
  4 black mambas (Snake:2)
  A guardian serpent (Snake:2)
  3 naga magi (Snake:2)
  A wyvern (D:9)
  8 nagas (Snake:2)
  An ogre (D:8)
  3 orc warriors (Orc:1)
  A centaur (D:9)
  A kobold brigand (D:8)
  A gnoll sergeant (D:8)
  A scorpion (D:6)
  A wight (D:8)
  A hound (D:8)
  3 orc priests (Orc:1)
  3 orc wizards
  5 gnolls
  13 orcs
  2 hobgoblins (D:8)
  3 kobolds (D:8)
70 creatures vanquished.

Vanquished Creatures (others)
  A tengu warrior (D:13)
  2 naga sharpshooters
  A swamp dragon (Lair:6)
  A hornet (D:9)
  A slime creature (D:9)
  A yak (D:10)
  A steam dragon (D:9)
  4 orc warriors
  3 centaurs
  2 kobold brigands
  A wight (D:8)
  2 bushes (D:9)
  A butterfly (D:9)
  27 fungi
  62 plants
  5 toadstools (D:4)
115 creatures vanquished.

Grand Total: 893 creatures vanquished

Notes
Turn   | Place    | Note
-------+----------+-------------------------------------------
     0 | D:1      | Shayle the Tengu Brigand began the quest for the Orb.
     0 | D:1      | Reached XP level 1. HP: 12/12 MP: 2/2
   179 | D:1      | Reached XP level 2. HP: 17/17 MP: 3/3
   851 | D:2      | Reached XP level 3. HP: 22/22 MP: 4/4
   856 | D:2      | Reached skill level 3 in Fighting
   856 | D:2      | Reached XP level 4. HP: 20/28 MP: 5/5
  1198 | D:2      | Gained mutation: Your magical nature lets you fly swiftly
                  | and evasively. [Tengu growth]
  1198 | D:2      | Reached XP level 5. HP: 32/32 MP: 6/6
  1296 | D:3      | Reached skill level 5 in Stealth
  1446 | D:3      | Found a bloodstained altar of Trog.
  1568 | D:3      | Found a stormy altar of Qazlal.
  1637 | D:3      | Found a glowing silver altar of Zin.
  1755 | D:3      | Found a blossoming altar of Fedhas.
  1850 | D:4      | Found a glowing drain.
  1871 | D:4      | Found a staircase to the Ecumenical Temple.
  1878 | Temple   | Entered the Ecumenical Temple
  1890 | Temple   | Became a worshipper of Ashenzari the Shackled
  1931 | D:4      | Reached XP level 6. HP: 33/38 MP: 7/7
  1954 | Sewer    | Entered a sewer
  2038 | Sewer    | Reached skill level 4 in Fighting
  2662 | D:4      | Reached XP level 7. HP: 44/44 MP: 8/8
  3180 | D:4      | Found an opulent altar of Gozag.
  3623 | D:5      | Entered Level 5 of the Dungeon
  3644 | D:5      | Reached skill level 5 in Fighting
  3644 | D:5      | Reached skill level 5 in Dodging
  3701 | D:5      | Found an iron altar of Okawaru.
  3701 | D:5      | Found a glowing golden altar of the Shining One.
  3719 | D:5      | Reached XP level 8. HP: 51/51 MP: 9/9
  3812 | D:5      | Noticed Eustachio
  3980 | D:5      | Killed Eustachio
  4106 | D:5      | Noticed Edmund
  4113 | D:5      | Killed Edmund
  4114 | D:5      | Reached skill level 6 in Fighting
  4124 | D:5      | Found an ornate altar of the Wu Jian Council.
  4374 | D:6      | Noticed Grinder
  4383 | D:6      | Learned a level 2 spell: Wereblood
  4460 | D:6      | Noticed Maggie
  4485 | D:6      | Killed Maggie
  4486 | D:6      | Reached XP level 9. HP: 23/57 MP: 10/10
  4706 | D:6      | Paralysed by Grinder for 3 turns
  4846 | D:5      | Reached skill level 7 in Fighting
  4879 | D:6      | Killed Grinder
  5446 | D:7      | Found a basalt altar of Yredelemnul.
  6714 | D:8      | Reached skill level 8 in Fighting
  6829 | D:8      | Identified the +0 leather armour "Kinkufoi" {Str+5 Dex-5}
  6989 | D:8      | Reached skill level 1 in Spellcasting
  6989 | D:8      | Reached skill level 1 in Necromancy
  7009 | D:8      | Reached skill level 1 in Earth Magic
  7009 | D:8      | Reached XP level 10. HP: 65/65 MP: 11/13
  7254 | D:8      | Noticed Joseph
  7266 | D:8      | Killed Joseph
  7657 | D:9      | Noticed a two-headed ogre
  7762 | D:9      | Identified a scroll of acquirement
  7762 | D:9      | Acquired the ring "Tyiptiz" {Wiz rPois Str-2 Int+2}
  7890 | D:9      | Found a white marble altar of Elyvilon.
  8018 | D:9      | Killed a two-headed ogre
  8019 | D:9      | Reached skill level 9 in Fighting
  8228 | D:9      | Found a staircase to the Orcish Mines.
  8325 | D:9      | Reached skill level 5 in Necromancy
  8325 | D:9      | Reached XP level 11. HP: 40/72 MP: 18/18
  8590 | D:10     | Entered Level 10 of the Dungeon
  8599 | D:10     | Learned a level 5 spell: Borgnjor's Vile Clutch
  8663 | D:10     | Reached * piety under Ashenzari
  8687 | D:10     | Found a sacrificial altar of Ru.
  8772 | D:10     | Found a shadowy altar of Dithmenos.
  8786 | D:10     | Noticed an orange crystal statue
  8787 | D:10     | Noticed a cyclops
  8903 | D:10     | Found a shimmering altar of Xom.
  8960 | D:10     | Reached skill level 5 in Spellcasting
  9393 | D:10     | Found Eder's Distillery.
  9401 | D:10     | Bought a potion of curing for 33 gold pieces
  9401 | D:10     | Bought a potion of heal wounds for 55 gold pieces
  9401 | D:10     | Bought a potion of heal wounds for 55 gold pieces
  9524 | D:10     | Reached skill level 10 in Fighting
  9957 | Orc:1    | Entered Level 1 of the Orcish Mines
  9957 | Orc:1    | Noticed an orc warlord
  9957 | Orc:1    | Noticed an orc sorcerer
  9963 | Orc:1    | Killed an orc sorcerer
 10154 | D:11     | Noticed Harold
 10208 | D:11     | Noticed a boulder beetle
 10222 | D:11     | Killed a boulder beetle
 10342 | D:11     | Killed Harold
 10343 | D:11     | Reached skill level 5 in Earth Magic
 10343 | D:11     | Reached XP level 12. HP: 65/80 MP: 23/23
 10470 | D:11     | Found a staircase to the Lair.
 10482 | Lair:1   | Entered Level 1 of the Lair of Beasts
 11081 | Lair:1   | Reached skill level 11 in Fighting
 11907 | Lair:2   | Noticed a five-headed hydra
 11924 | Lair:2   | Killed a one-headed hydra
 12113 | Lair:2   | Noticed Gastronok
 12316 | Lair:3   | Reached ** piety under Ashenzari
 12442 | Lair:3   | Noticed Snorg
 12472 | Lair:3   | Killed Snorg
 13017 | Lair:4   | Learned a level 6 spell: Eringya's Noxious Bog
 13078 | Lair:4   | Noticed a catoblepas
 13097 | Lair:4   | Killed a catoblepas
 13571 | Lair:4   | Noticed an eight-headed hydra
 13584 | Lair:4   | Reached XP level 13. HP: 77/87 MP: 8/27
 14218 | Lair:5   | Reached skill level 12 in Fighting
 14531 | Lair:5   | Reached skill level 1 in Conjurations
 14531 | Lair:5   | Reached skill level 1 in Air Magic
 14534 | Lair:5   | Reached skill level 1 in Fire Magic
 14848 | Lair:5   | Reached skill level 10 in Necromancy
 14851 | Lair:5   | Reached skill level 1 in Ice Magic
 15116 | Lair:5   | Reached skill level 1 in Hexes
 15502 | Lair:5   | Found a viscous altar of Jiyva.
 15502 | Lair:5   | Found a staircase to the Slime Pits.
 15697 | Lair:6   | Entered Level 6 of the Lair of Beasts
 16158 | Lair:6   | Noticed benadryl's ghost (journeyman TrDe)
 16161 | Lair:6   | Found a runed translucent door.
 17379 | Lair:6   | Noticed a fire dragon
 17690 | Lair:6   | Reached XP level 14. HP: 94/94 MP: 20/28
 18042 | Lair:2   | Reached *** piety under Ashenzari
 18545 | Lair:2   | Found a staircase to the Snake Pit.
 18594 | Lair:2   | Found a staircase to the Swamp.
 18911 | D:9      | Killed an orc warlord
 19393 | Orc:1    | Reached skill level 1 in Evocations
 19576 | Orc:2    | Entered Level 2 of the Orcish Mines
 20111 | Orc:2    | Found a staircase to the Elven Halls.
 20819 | Orc:2    | Found a runed translucent door.
 20823 | Orc:2    | Noticed turdburglar's ghost (journeyman HOFi)
 20823 | Orc:2    | Found the +10 Black Knight's barding {ponderous, rPois rN+}
 21209 | Orc:2    | Found an iron altar of Okawaru.
 21307 | Orc:2    | Found Ettosh's Magic Scroll Boutique.
 21307 | Orc:2    | Found Xoodaud's Jewellery Shop.
 21308 | Orc:2    | Found Doumal's Assorted Antiques.
 21311 | Orc:2    | Found Dyivo's Jewellery Boutique.
 21320 | Orc:2    | Bought a scroll of teleportation for 45 gold pieces
 21320 | Orc:2    | Bought a scroll of blinking for 112 gold pieces
 21941 | Orc:1    | Reached skill level 5 in Air Magic
 22071 | Orc:1    | Noticed Maurice
 22077 | Orc:1    | Killed Maurice
 22259 | Orc:1    | Reached skill level 5 in Conjurations
 24631 | D:13     | Noticed Rupert
 24631 | D:13     | Found a gate to the Vaults.
 24716 | D:12     | Noticed Josephine
 24723 | D:12     | Killed Josephine
 24934 | D:13     | Learned a level 4 spell: Anguish
 25247 | D:13     | Reached XP level 15. HP: 73/103 MP: 22/31
 25577 | D:13     | Reached skill level 5 in Fire Magic
 27164 | D:13     | Killed Rupert
 27897 | Swamp:1  | Entered Level 1 of the Swamp
 27995 | Snake:1  | Entered Level 1 of the Snake Pit
 28063 | Snake:1  | Learned a level 3 spell: Frozen Ramparts
 28718 | Snake:1  | Reached skill level 1 in Unarmed Combat
 29195 | Snake:1  | Found Oxkap's Book Boutique.
 29203 | Snake:1  | Bought a book of Unlife for 576 gold pieces
 29203 | Snake:1  | Bought the Papyrus of Absolutism for 800 gold pieces
 29261 | Snake:1  | Learned a level 6 spell: Death Channel
 29265 | Snake:1  | Learned a level 3 spell: Stone Arrow
 29486 | Snake:1  | Reached skill level 1 in Shields
 29657 | Snake:1  | Identified the +1 robe "Vigock" {Rampage Str-2 Dex+6}
 29840 | Snake:1  | Noticed Frances
 29854 | Snake:1  | Killed Frances
 30096 | Snake:1  | Noticed Mlioglotl
 30438 | Snake:1  | Identified the ring "Peixtas" {Fire rElec Int+2}
 30776 | Snake:1  | Killed Mlioglotl
 30777 | Snake:1  | Reached skill level 5 in Ice Magic
 30950 | Snake:1  | Reached skill level 1 in Transmutations
 31122 | Snake:1  | Noticed Aizul
 31132 | Snake:1  | Learned a level 4 spell: Animate Dead
 31155 | Snake:1  | Killed Aizul
 31409 | Snake:2  | Reached XP level 16. HP: 108/108 MP: 14/33
 31559 | Snake:2  | Reached skill level 5 in Evocations
 31783 | Snake:2  | Reached skill level 10 in Spellcasting
 32841 | Snake:3  | Noticed a nagaraja
 32860 | Snake:3  | Killed a nagaraja
 33276 | Orc:2    | Bought an amulet of reflection for 420 gold pieces
 33567 | Snake:3  | Found a bloodstained altar of Trog.
 33569 | Snake:3  | Noticed Vashnia
 33817 | Snake:3  | Found a transporter.
 33916 | Snake:3  | HP: 5/106 [naga sharpshooter/bolt[Vashnia] (30)]
 33916 | Snake:3  | Shot with an arrow by a naga sharpshooter

Illustrated notes

Levels and vault maps discovered:
D:1:      minmay_arrival_diagonal_passages, layout_basic, st_stairs_6,
          chequers_avenue, chequers_serial_rivers_room_a
D:2:      layout_rooms
D:3:      layout_basic, marbit_many_paths, mainiacjoe_overflow_alcove_4,
          mainiacjoe_overflow_big_doors, st_stairs_7
D:4:      layout_layer_cave, nicolae_overflow_hidden_temple,
          minmay_temple_entry_hall, portal_sewer_entry_a,
          minmay_gold_behind_fungi
D:5:      layout_rooms, kennysheep_little_box, gammafunk_temple_overflow_statue,
          uniq_eustachio, uniq_edmund
D:6:      layout_rooms, serial_curves, eino_curves_02, eino_curves_02,
          eino_curves_02, eino_curves_03, uniq_grinder, uniq_maggie
D:7:      layout_layer_cave, nicolae_overflow_crystal_walls
D:8:      kennysheep_housing_project, layout_layer_cave, uniq_joseph
D:9:      layout_rooms, nicolae_elyvilon_peaceful_grove, david_orc_3,
          kennysheep_generic_room_16
D:10:     layout_stronghold, grunt_dithmenos_smoke_and_mirrors,
          xom_confusion_cloud, hangedman_ru_absence, serial_shops, shop,
          minmay_misc_feat_doors, disabler_island
D:11:     layout_loops_ring, lair_entry_dummy, uniq_harold
D:12:     layout_irregular_city, skrybe_limestone_x, kennysheep_dice,
          uniq_josephine
D:13:     layout_stronghold, david_vaults_3
Temple:   compressed_dpeg_triangle_lava_temple
Lair:1:   layout_hall_layers
Lair:2:   layout_gridlike, minmay_swamp_entry_worms,
          minmay_snake_entry_guardpost_large, uniq_gastronok
Lair:3:   layout_cave_shapes, serial_bayou_shore_a, uniq_snorg
Lair:4:   layout_roguey, lemuel_fruit_fields
Lair:5:   layout_gridlike, slime_altar_1
Lair:6:   guppyfry_lair_end_dragon, layout_layer_cave,
          hellmonk_ghost_happy_afterlife
Swamp:1:  layout_basic_swamp, nicolae_swamp_tree_designs
Snake:1:  layout_layer_cave, serial_shops, nicolae_square_shop, uniq_mlioglotl,
          uniq_frances, uniq_aizul
Snake:2:  layout_onion
Snake:3:  layout_grid_maze, gammafunk_ghost_abyssal_escape, basic_altar,
          uniq_vashnia
Orc:1:    layout_caves, lightli_volcano_entry_magma_tube, uniq_maurice
Orc:2:    st_orc_mages, layout_diamond_mine, ebering_ghost_inner_flame,
          okawaru_metal_pillars_1_2

Skill      XL: |  1  2  3  4  5  6  7  8  9 10 11 12 13 14 15 16 |
---------------+-------------------------------------------------+-----
Dodging        | 2 3 4 5 7 8 |  8.4
Fighting       | 3 4 5 6 8 9 10 11 12 | 12.9
Stealth        | 5 6 8 9 |  9.4
Spellcasting   | 1 4 6 7 8 9 10 | 10.2
Necromancy     | 1 5 7 9 10 11 | 11.2
Earth Magic    | 1 3 5 6 7 |  7.9
Conjurations   | 3 5 7 8 |  8.4
Air Magic      | 3 5 7 8 |  8.4
Fire Magic     | 3 4 6 7 |  7.0
Ice Magic      | 2 3 5 |  5.7
Hexes          | 1 3 4 |  4.7
Evocations     | 3 4 5 |  5.6
Unarmed Combat | 2 4 |  4.1
Shields        | 2 3 |  3.5
Transmutations | 1 2 |  2.5
Short Blades   | |  2.1
Throwing       | |  2.0

Action                   |  1- 3 |  4- 6 |  7- 9 | 10-12 | 13-15 | 16-18 || total
-------------------------+-------+-------+-------+-------+-------+-------++-------
Melee: Dagger            |    39 |   206 |   304 |   668 |       |       ||  1217
       Kick              |     8 |    47 |   101 |   377 |   175 |    13 ||   721
       Peck              |     4 |    32 |    80 |   229 |   102 |    14 ||   461
       Punch             |       |     2 |     2 |    20 |     1 |       ||    25
       Morningstar       |       |       |       |    62 |       |       ||    62
       War axe           |       |       |       |    94 |   376 |    45 ||   515
       Scimitar          |       |       |       |    21 |       |       ||    21
Throw: Dart              |       |     4 |    17 |    50 |    25 |       ||    96
       Throwing net      |       |       |       |     2 |     1 |       ||     3
       Boomerang         |       |       |       |       |       |     3 ||     3
 Cast: Borgnjor's Vile C |       |       |       |    14 |   391 |    47 ||   452
       Wereblood         |       |       |       |       |     4 |       ||     4
       Anguish           |       |       |       |       |    14 |     1 ||    15
       Death Channel     |       |       |       |       |     2 |     7 ||     9
       Animate Dead      |       |       |       |       |     1 |     5 ||     6
Invok: Curse Item        |       |     1 |       |     2 |     1 |       ||     4
       Shatter the Chain |       |       |       |       |       |     1 ||     1
Evoke: Wand              |       |       |    13 |    43 |    20 |     4 ||    80
  Use: Potion            |       |     1 |     2 |    10 |     4 |     4 ||    21
       Scroll            |       |     7 |     5 |    13 |     5 |     2 ||    32
 Stab: Sleeping          |     5 |    16 |    13 |     7 |     1 |     1 ||    43
       Distracted        |       |     1 |     1 |     2 |     2 |       ||     6
       Invisible         |       |       |     1 |     6 |       |       ||     7
Armor: Robe              |     5 |    29 |    14 |       |       |       ||    48
       Swamp dragon scal |       |       |    15 |   173 |   176 |       ||   364
       Skin              |       |       |       |    11 |       |       ||    11
       Leather armour    |       |       |       |       |    29 |    18 ||    47
Dodge: Dodged            |    35 |   178 |   267 |   863 |   761 |    66 ||  2170
Block: Buckler           |       |       |       |       |    24 |    36 ||    60
       Reflection        |       |       |       |       |       |     6 ||     6

Table legend: (Time is in decaauts)
 A = Elapsed time spent in this place.
 B = Non-inter-level travel time spent in this place.
 C = Inter-level travel time spent in this place.
 D = Time resting spent in this place.
 E = Time spent auto-exploring this place.
 F = Levels seen in this place.
 G = Mean time per level.
                   A        B        C        D        E       F      G
               +--------+--------+--------+--------+--------+-----+--------+
         Total |  32350 |  29948 |   2402 |   6983 |  13294 |  27 | 1198.1 |
       Dungeon |  14660 |  13454 |   1206 |   2112 |   6503 |  13 | 1127.7 |
        Temple |     22 |     22 |      0 |      0 |      7 |   1 |   22.0 |
          Lair |   8346 |   7660 |    686 |   1717 |   3727 |   6 | 1391.0 |
         Swamp |      1 |      1 |      0 |      0 |      0 |   1 |    1.0 |
     Snake Pit |   5347 |   5170 |    177 |   2063 |   1613 |   3 | 1782.3 |
  Orcish Mines |   3542 |   3211 |    331 |    990 |   1331 |   2 | 1771.0 |
         Sewer |    429 |    429 |      0 |    100 |    110 |   1 |  429.0 |
               +--------+--------+--------+--------+--------+-----+--------+

Top non-repeatable levels by time:
 Snake:1: 3296 daAuts
   Orc:2: 2471 daAuts
    D:13: 2358 daAuts
  Lair:6: 2215 daAuts
  Lair:5: 1698 daAuts
    D:10: 1542 daAuts
 Snake:2: 1467 daAuts
  Lair:2: 1421 daAuts
     D:9: 1394 daAuts
    D:12: 1372 daAuts
  Lair:4: 1257 daAuts
     D:4: 1255 daAuts
  Lair:1: 1222 daAuts
     D:8: 1192 daAuts
    D:11: 1162 daAuts
